 Dungeon Crawl Stone Soup version 0.23-a0-446-g036aa52d93 (webtiles) character file.

264711 YoungGLord the Metallomancer (level 20, -11/122 HPs)
             Began as a Gargoyle Earth Elementalist on Nov 17, 2018.
             Was the Champion of Vehumet.
             Shot with an arrow by a deep elf master archer (17 damage)
             ... on level 3 of the Elven Halls on Nov 18, 2018.
             The game lasted 05:10:28 (71850 turns).

YoungGLord the Metallomancer (GrEE)                Turns: 71850, Time: 05:10:29

Health: -11/122    AC: 30    Str: 12 (13) XL:     20   Next: 5%
Magic:  56/58      EV: 11    Int: 30      God:    Vehumet [******]
Gold:   2654       SH:  0    Dex: 11 (13) Spells: 30/58 levels left

rFire    + . .     SeeInvis .   O - +6 Majin-Bo {vamp, Archmagi MP+6 Int+6}
rCold    . . .     Gourm    .   (shield currently unavailable)
rNeg     + + .     Faith    .   m - +0 acid dragon scales
rPois    ∞         Spirit   .   u - +2 hat
rElec    +         Reflect  .   S - +0 cloak {MR+}
rCorr    +         Harm     .   f - +1 pair of gloves {Dex+3}
MR       ++...                  s - +0 pair of boots
Stlth    +.........             W - amulet of Lubocuq {Acrobat rN+}
HPRegen  0.30/turn              U - ring of protection from fire
MPRegen  0.36/turn              J - ring of magical power

@: flying
A: big wings, negative energy resistance 1, electricity resistance, unbreathing,
petrification resistance, rot immunity, AC +15
}: 2/15 runes: barnacled, gossamer
a: Stop Flying, Renounce Religion


You were on level 3 of the Elven Halls.
You worshipped Vehumet.
Vehumet was exalted by your worship.
You were hungry.

You visited 7 branches of the dungeon, and saw 35 of its levels.
You visited 1 bazaar.

You collected 3627 gold pieces.
You spent 973 gold pieces at shops.

Inventory:

Hand Weapons
 x - a +2 war axe of flaming
 y - a +0 great mace
 N - a +3 broad axe of venom
 O - the +6 Majin-Bo (weapon) {vamp, Archmagi MP+6 Int+6}
   (You acquired it on level 6 of the Lair of Beasts)

   It inflicts no extra harm, but heals its wielder when it wounds a living foe.
   It affects your intelligence (+6).
   It affects your magic capacity (+6).
Missiles
 b - 152 stones (quivered)
Armour
 f - a +1 pair of gloves of dexterity (worn)
 m - +0 acid dragon scales (worn)
 s - a +0 pair of boots (worn)
 u - a +2 hat (worn)
 z - the +1 ring mail of Limited Liability {Dex+4 Stlth+}
   (You bought it in a shop on level 2 of the Orcish Mines)

   It affects your dexterity (+4).
   It makes you more stealthy.
 C - a +2 buckler
 S - a +0 cloak of magic resistance (worn)
Magical Staves
 E - an uncursed staff of conjuration
 Z - an uncursed staff of earth
Jewellery
 c - an uncursed ring of protection from magic
 g - an uncursed ring of stealth
 J - a ring of magical power (right hand)
 U - a ring of protection from fire (left hand)
 W - the amulet of Lubocuq (around neck) {Acrobat rN+}
   (You found it on level 4 of the Lair of Beasts)

   [amulet of the acrobat]

   It helps you evade while moving and waiting.
   It protects you from negative energy.
 Y - a +3 ring of evasion
Wands
 h - a wand of clouds (11)
 t - a wand of enslavement (11)
 D - a wand of polymorph (11)
 G - a wand of flame (29)
 H - a wand of acid (40)
 I - a wand of iceblast (18)
 K - a wand of paralysis (27)
 R - a wand of digging (4)
 T - a wand of scattershot (2)
Scrolls
 j - 11 scrolls of remove curse
 n - 3 scrolls of fog
 p - 7 scrolls of fear
 v - 11 scrolls of magic mapping
 w - 6 scrolls of amnesia
 F - 2 scrolls of holy word
 M - 3 scrolls of enchant armour
 P - 5 scrolls of enchant weapon
 Q - 3 scrolls of identify
 X - a scroll of silence {unknown}
Potions
 a - 7 potions of ambrosia
 e - 7 potions of agility
 i - 2 potions of resistance
 k - a potion of curing
 l - 3 potions of might
 q - 6 potions of lignification
 r - 8 potions of cancellation
 A - 4 potions of mutation
 B - 8 potions of haste
 L - 7 potions of brilliance
Comestibles
 d - 6 rations
 o - 2 chunks of flesh


   Skills:
 - Level 12.0 Fighting
 - Level 8.0 Armour
 - Level 1.5 Dodging
 - Level 2.1 Stealth
 - Level 4.0 Shields
 * Level 19.5 Spellcasting
 - Level 0.7 Transmutations
 + Level 25.6 Earth Magic


You had 30 spell levels left.
You knew the following spells:

 Your Spells              Type           Power        Failure   Level  Hunger
a - Sandblast             Erth           ######       0%          1    None
b - Stone Arrow           Conj/Erth      ######       1%          3    None
c - Lee's Rapid Deconstr  Erth           ########..   0%          5    None
d - Petrify               Tmut/Erth      ########     1%          4    None
e - Iron Shot             Conj/Erth      ########..   1%          6    None
f - Shatter               Erth           ########..   1%          9    ######.

Your spell library contained the following spells:

 Spells                   Type           Power        Failure   Level  Hunger
 Lehudib's Crystal Spear  Conj/Erth      ########..   17%         8    #####..
 Ignition                 Fire           #####.....   100%        8    #####..
 Fire Storm               Conj/Fire      #####.....   100%        9    ######.
 Passwall                 Tmut/Erth      ########     0%          2    None
 Animate Skeleton         Necr           N/A          1%          1    None
 Apportation              Tloc           #####.       1%          1    None
 Beastly Appendage        Tmut           ######       1%          1    None
 Confusing Touch          Hex            #####.       1%          1    None
 Corona                   Hex            #####..      1%          1    None
 Flame Tongue             Conj/Fire      #####        1%          1    None
 Freeze                   Ice            ####         1%          1    None
 Infusion                 Chrm           ####         1%          1    None
 Summon Small Mammal      Summ           ####         1%          1    None
 Sticks to Snakes         Tmut           ######..     1%          2    None
 Throw Flame              Conj/Fire      #####.       1%          2    None
 Throw Frost              Conj/Ice       #####.       1%          2    None
 Conjure Flame            Conj/Fire      #####...     1%          3    None
 Dazzling Spray           Conj/Hex       #####.       1%          3    None
 Inner Flame              Hex/Fire       #####...     1%          3    None
 Leda's Liquefaction      Hex/Erth       ########..   1%          4    None
 Bolt of Magma            Conj/Fire/Erth #######...   1%          5    None
 Blink                    Tloc           N/A          2%          2    None
 Corpse Rot               Necr           N/A          2%          2    None
 Ensorcelled Hibernation  Hex/Ice        #####.       2%          2    None
 Shroud of Golubria       Chrm/Tloc      #####.....   2%          2    None
 Song of Slaying          Chrm           #####...     2%          2    None
 Spider Form              Tmut/Pois      #####.....   4%          3    None
 Confuse                  Hex            #####...     5%          3    None
 Gell's Gravitas          Tloc           #####.....   5%          3    None
 Ozocubu's Armour         Chrm/Ice       #####...     5%          3    None
 Regeneration             Chrm/Necr      #####.....   5%          3    None
 Spectral Weapon          Hex/Chrm       #####...     5%          3    None
 Tukima's Dance           Hex            #####...     5%          3    None
 Sticky Flame             Conj/Fire      #####...     5%          4    None
 Throw Icicle             Conj/Ice       #####...     5%          4    None
 Yara's Violent Unravell  Hex/Tmut       #####.....   12%         5    None
 Bolt of Draining         Conj/Necr      #####.....   13%         5    None
 Fireball                 Conj/Fire      #####.....   13%         5    None
 Iskenderun's Battlesphe  Conj/Chrm      #####...     13%         5    None
 Venom Bolt               Conj/Pois      #####.....   13%         5    None
 Ice Form                 Ice/Tmut       #####...     16%         4    None
 Summon Ice Beast         Ice/Summ       #####...     19%         4    None
 Blade Hands              Tmut           ######....   36%         5    None
 Agony                    Necr           #####...     45%         5    None
 Dispel Undead            Necr           #####...     45%         5    None
 Excruciating Wounds      Chrm/Necr      #####.....   45%         5    None
 Summon Forest            Summ/Tloc      #####.....   45%         5    None
 Orb of Destruction       Conj           #####.....   97%         7    ###....
 Spellforged Servitor     Conj/Summ      #####.....   97%         7    ###....
 Statue Form              Tmut/Erth      Unusable     N/A         6    N/A
 Sublimation of Blood     Necr           Unusable     N/A         2    N/A

Dungeon Overview and Level Annotations

Branches:
Dungeon (15/15)            Temple (1/1) D:4            Lair (6/6) D:11
 Shoals (4/4) Lair:4       Spider (4/4) Lair:4        Slime (0/5) Lair:5
    Orc (2/2) D:9             Elf (3/3) Orc:2        Vaults (0/5) D:13
 Depths (0/5) D:15

Altars:
Ashenzari
Cheibriados
Dithmenos
Elyvilon
Fedhas
Gozag
Hepliaklqana
Kikubaaqudgha
Makhleb
Nemelex Xobeh
Okawaru
Qazlal
Ru
Sif Muna
Trog
Uskayaw
Vehumet
Wu Jian
Xom
Yredelemnul
Zin
The Shining One
Beogh
Jiyva

Shops:
D:4 %   D:7 [   D:8 [   Orc:2 ([*:   Shoals:1 (   Shoals:4 (

Annotations:
D:11 3 runed doors
Lair:5 1 runed door


Innate Abilities, Weirdness & Mutations

You are resistant to torment.
Your stone body is resilient. (AC +15)
You are immune to poison.
Your large and strong wings let you fly indefinitely.
You resist negative energy. (rN+)
You are resistant to electric shocks. (rElec)
You can survive without breathing.
You are immune to petrification.
You are immune to rotting.


Message History

You feel your power returning.
The deep elf master archer is severely wounded.
You kill the deep elf death mage!
Vehumet accepts your kill.
The deep elf master archer is severely wounded.
You destroy the crawling corpse!
You kill the deep elf annihilator!
Vehumet accepts your kill.
You feel your power returning.
You kill the deep elf annihilator!
Vehumet accepts your kill.
You feel your power returning.
You feel your strength returning.
Ka-crash!
* * * LOW HITPOINT WARNING * * *
You are feeling hungry.
A deep elf death mage comes into view. It is wielding a +0 short sword.
The deep elf master archer wields a +0 longbow.
The deep elf master archer shoots an arrow.
The arrow hits you!
You die...

.e.....).)....
#..).e...)). .
#...))e)..#
.§#....)))..## #.#
#......))eee.# #..
. .. .)). #..
..)#.##).## #..
.#........## #.
#......@...# #.
.#....#(...§# ##
#.......#...# #.
#...###..#...# ##.
#..# ... #.#####
##.. ..#
....###...### #...
. ............#
#...
#####.#..#.......#
#..#
+........'.......#
#...


You could see 2 deep elf master archers, a deep elf death mage and a deep elf
demonologist.

Vanquished Creatures
  Nikola (Spider:1)
  Arachne (Spider:2)
  Rupert (Lair:4)
  Jorgrun (Spider:1)
  3 deep elf blademasters
  A kraken (Shoals:4)
  Roxanne (D:15)
  An orc warlord (Orc:2)
  4 deep elf sorcerers
  Louise (Shoals:1)
  4 ghost moths (Spider:3)
  9 emperor scorpions
  A deep elf elementalist (Elf:3)
  3 entropy weavers
  7 deep elf annihilators (Elf:3)
  7 deep elf demonologists
  Azrael (D:13)
  3 spark wasps
  3 merfolk javelineers
  2 deep elf death magi (Elf:3)
  Snorg (D:13)
  6 merfolk impalers
  An ettin (D:15)
  Josephine (D:11)
  2 ogre magi
  2 deep elf high priests
  A fire dragon (Lair:6)
  5 merfolk avatars
  Harold (D:8)
  4 hydras
  4 merfolk aquamancers (Shoals:4)
  5 vault guards (D:13)
  2 satyrs
  A death knight (D:14)
  2 alligator snapping turtles
  22 dancing weapons
  5 two-headed ogres
  Urug (D:11)
  A tengu warrior (D:11)
  3 orc high priests (Orc:2)
  Nergalle (D:11)
  15 deep elf knights
  11 sea snakes
  A fire crab (Lair:6)
  A glowing orange brain (shapeshifter) (D:15)
  3 unseen horrors
  2 wizards
  An obsidian statue (Orc:2)
  13 orb spiders
  10 deep elf archers
  16 harpies
  3 orc knights (Orc:2)
  22 wolf spiders
  10 ugly things
  2 lindwurms (Lair:6)
  11 fauns
  5 orc sorcerers
  35 deep elf magi
  An oklob plant (Lair:1)
  10 manticores
  5 moths of wrath
  3 cyclopes
  4 centaur zombies
  17 elephants
  8 black mambas
  Maurice (Orc:1)
  6 merfolk sirens
  9 water nymphs
  3 molten gargoyles (Lair:6)
  15 spiny frogs
  2 gargoyles
  3 torpor snails
  16 komodo dragons
  2 rime drakes
  7 demonic crawlers
  4 freezing wraiths
  3 yaktaurs (D:13)
  8 trolls
  A kobold demonologist (D:11)
  29 jumping spiders
  24 merfolk
  3 polar bears
  8 wind drakes
  3 hornets
  8 slime creatures
  7 snapping turtles
  8 blink frogs
  21 hippogriffs
  7 dream sheep (Shoals:3)
  2 air elementals (Elf:1)
  A spriggan (Lair:6)
  7 wraiths
  9 water elementals
  73 redbacks
  4 shadows
  20 tarantellas
  40 yaks
  2 fire elementals (D:13)
  7 wyverns
  A basilisk (Lair:6)
  5 hungry ghosts
  2 steam dragons
  Edmund (D:6)
  A soldier ant (D:15)
  2 acid dragons
  11 water moccasins
  7 hell hounds
  37 orc warriors
  2 porcupines
  2 phantoms
  2 black bears
  4 ice beasts
  2 necrophages
  3 sky beasts
  9 ogres
  5 centaurs
  16 crocodiles
  5 big kobolds
  18 bullfrogs
  2 wyvern zombies
  5 scorpions
  A water moccasin skeleton (D:10)
  9 killer bees
  3 wights (D:6)
  5 electric eels
  5 lava snakes (Lair:6)
  2 crimson imps (D:5)
  5 hounds
  3 jellies
  3 bullfrog zombies
  5 bullfrog skeletons
  21 orc priests
  25 orc wizards
  5 centaur skeletons
  9 iguanas
  Natasha (twice) (D:2)
  15 worker ants
  A killer bee zombie (D:7)
  3 hound skeletons
  A worker ant zombie (D:8)
  2 howler monkey skeletons
  14 adders
  4 shadow imps
  2 oozes
  An adder zombie (D:5)
  An adder skeleton (D:8)
  2 worms
  A dart slug (D:2)
  8 leopard geckos
  94 orcs
  4 bats
  6 giant cockroaches
  8 goblins
  6 hobgoblins
  5 jackals (D:1)
  27 kobolds
  6 quokkas
  A ball python (D:2)
  7 frilled lizards
  A leopard gecko skeleton (D:4)
  A leopard gecko zombie (D:7)
  4 rats
  5 crawling corpses (Elf:3)
  3 fungi
  4 plants
1180 creatures vanquished.

Vanquished Creatures (others)
  A dancing weapon (Elf:1)
  A deep elf archer (D:15)
  A deep elf mage (Elf:1)
  A centaur skeleton (D:15)
  2 slime creatures (D:13)
  A water elemental (D:15)
  A fire elemental (Elf:1)
  A bush (Lair:6)
  5 fungi
  28 plants
  12 tentacles (Shoals:4)
54 creatures vanquished.

Grand Total: 1234 creatures vanquished

Notes
Turn   | Place    | Note
-------+----------+-------------------------------------------
     0 | D:1      | YoungGLord the Gargoyle Earth Elementalist began the quest
                  | for the Orb.
     0 | D:1      | Reached XP level 1. HP: 10/10 MP: 3/3
   255 | D:1      | Reached skill level 4 in Earth Magic
   267 | D:1      | Reached XP level 2. HP: 12/15 MP: 0/5
   859 | D:1      | Reached skill level 5 in Earth Magic
   859 | D:1      | Reached XP level 3. HP: 19/19 MP: 6/6
  1311 | D:2      | Found a hide-covered altar of Uskayaw.
  1829 | D:2      | Found a faded altar of an unknown god.
  1860 | D:2      | Noticed Natasha
  1869 | D:2      | Killed Natasha
  1869 | D:2      | Reached skill level 6 in Earth Magic
  1869 | D:2      | Reached XP level 4. HP: 15/24 MP: 2/7
  2032 | D:2      | Noticed Natasha
  2036 | D:2      | Killed Natasha
  2217 | D:3      | Reached XP level 5. HP: 28/28 MP: 8/8
  2343 | D:3      | Reached skill level 7 in Earth Magic
  3383 | D:4      | Reached XP level 6. HP: 19/32 MP: 4/9
  3676 | D:4      | Reached skill level 8 in Earth Magic
  4112 | D:4      | Found a staircase to the Ecumenical Temple.
  4124 | Temple   | Entered the Ecumenical Temple
  4135 | Temple   | Became a worshipper of Vehumet
  5017 | D:4      | Found Reogra's Food Boutique.
  5218 | D:5      | Entered Level 5 of the Dungeon
  5296 | D:5      | Reached skill level 9 in Earth Magic
  5296 | D:5      | Reached XP level 7. HP: 14/36 MP: 4/10
  6058 | D:5      | Found an iron altar of Okawaru.
  6117 | D:5      | Got a spiked ring mail
  6120 | D:5      | Identified the +0 ring mail of the Sacrificial Victim
                  | {+Blink rElec Slay+6} (You found it on level 5 of the
                  | Dungeon)
  6126 | D:5      | Reached skill level 10 in Earth Magic
  6518 | D:6      | Found a basalt altar of Yredelemnul.
  6518 | D:6      | Found a burning altar of Makhleb.
  6738 | D:6      | Reached XP level 8. HP: 40/41 MP: 11/11
  6742 | D:6      | Reached * piety under Vehumet
  6742 | D:6      | Offered knowledge of Freeze by Vehumet.
  6742 | D:6      | Reached skill level 11 in Earth Magic
  6798 | D:6      | Found a shimmering altar of Xom.
  7026 | D:6      | Noticed Edmund
  7040 | D:6      | Killed Edmund
  7044 | D:6      | Reached skill level 12 in Earth Magic
  7750 | D:7      | Learned a level 3 spell: Stone Arrow
  7756 | D:7      | Learned a level 5 spell: Lee's Rapid Deconstruction
  8271 | D:7      | You fall through a shaft for 2 floors!
  8326 | D:8      | Reached skill level 13 in Earth Magic
  8360 | D:8      | Reached XP level 9. HP: 38/45 MP: 8/12
  8601 | D:7      | Found Dazobox's Antique Armour Boutique.
  8621 | D:7      | Found a shattered altar of Ashenzari.
  8784 | D:7      | Reached ** piety under Vehumet
  8784 | D:7      | Offered knowledge of Shock by Vehumet.
  8800 | D:7      | Reached skill level 14 in Earth Magic
  9142 | D:7      | Found an ornate altar of the Wu Jian Council.
  9278 | D:8      | Reached skill level 1 in Fighting
  9436 | D:8      | Found Gurenkei's Armour Shoppe.
  9554 | D:8      | Noticed Harold
  9566 | D:8      | Killed Harold
  9566 | D:8      | Reached skill level 5 in Spellcasting
  9841 | D:9      | Noticed a two-headed ogre
  9972 | D:9      | Reached XP level 10. HP: 54/56 MP: 18/18
  9987 | D:9      | Offered knowledge of Throw Frost by Vehumet.
 10090 | D:9      | Killed a two-headed ogre
 10090 | D:9      | Reached skill level 5 in Fighting
 10208 | D:9      | Reached *** piety under Vehumet
 10247 | D:9      | Learned a level 4 spell: Petrify
 10631 | D:9      | Offered knowledge of Inner Flame by Vehumet.
 10714 | D:9      | Found a staircase to the Orcish Mines.
 10872 | D:9      | Found a sacrificial altar of Ru.
 10982 | D:9      | Found a snail-covered altar of Cheibriados.
 11154 | D:10     | Entered Level 10 of the Dungeon
 11168 | D:10     | Reached **** piety under Vehumet
 11169 | D:10     | Reached XP level 11. HP: 60/66 MP: 20/23
 11173 | D:10     | Offered knowledge of Dazzling Spray by Vehumet.
 11319 | D:10     | Found a shattered altar of Ashenzari.
 11556 | D:10     | Reached skill level 10 in Spellcasting
 11967 | D:11     | Noticed Urug
 11994 | D:11     | Found a staircase to the Lair.
 12028 | D:11     | Killed an unseen horror
 12174 | D:11     | Noticed Nergalle
 12180 | D:11     | Killed Nergalle
 12190 | D:11     | Reached ***** piety under Vehumet
 12216 | D:11     | Noticed Josephine
 12271 | D:11     | Noticed a green ugly thing
 12274 | D:11     | Noticed a red ugly thing
 12608 | D:11     | Found a runed gate.
 12608 | D:11     | Found a runed gate.
 12608 | D:11     | Found a runed gate.
 12609 | D:11     | Noticed a brown ugly thing
 12609 | D:11     | Noticed a green ugly thing
 12611 | D:11     | Noticed a red very ugly thing
 12611 | D:11     | Noticed a red ugly thing
 12612 | D:11     | Noticed a purple ugly thing
 12612 | D:11     | Noticed a white ugly thing
 12619 | D:11     | Killed Urug
 12627 | D:11     | Reached XP level 12. HP: 62/76 MP: 8/27
 12628 | D:11     | Noticed a tengu warrior
 12728 | D:11     | Offered knowledge of Iron Shot by Vehumet.
 12743 | D:11     | Learned a level 6 spell: Iron Shot
 13195 | D:11     | Killed a tengu warrior
 13333 | D:11     | Killed Josephine
 13333 | D:11     | Reached skill level 10 in Fighting
 13638 | D:12     | Noticed a two-headed ogre
 13641 | D:12     | Killed a two-headed ogre
 13641 | D:12     | Reached skill level 1 in Armour
 13641 | D:12     | Reached skill level 1 in Shields
 15337 | D:12     | Reached skill level 15 in Earth Magic
 16052 | D:13     | Noticed a two-headed ogre
 16198 | D:13     | Noticed a vault guard
 16450 | D:13     | Killed a two-headed ogre
 16450 | D:13     | Reached XP level 13. HP: 82/82 MP: 22/29
 16475 | D:13     | Noticed a vault guard
 16739 | D:13     | Noticed Snorg
 16750 | D:13     | Reached skill level 5 in Armour
 16870 | D:13     | Killed Snorg
 17362 | D:13     | Reached skill level 16 in Earth Magic
 17370 | D:13     | Noticed a vault guard
 17514 | D:13     | Noticed Azrael
 17522 | D:13     | Killed Azrael
 18057 | D:13     | Noticed an ogre mage
 18250 | D:13     | Killed a vault guard
 18710 | D:13     | Paralysed by a wizard for 5 turns
 18738 | D:13     | Killed a vault guard
 18776 | D:13     | Paralysed by an ogre mage for 5 turns
 19004 | D:13     | Killed a vault guard
 19120 | D:13     | Killed an ogre mage
 19192 | D:13     | Noticed a vault guard
 19196 | D:13     | Noticed a vault guard
 19197 | D:13     | Killed a vault guard
 19204 | D:13     | Killed a vault guard
 19212 | D:13     | Found a gate to the Vaults.
 19531 | D:14     | Reached skill level 17 in Earth Magic
 20063 | D:14     | Found a sparkling altar of Nemelex Xobeh.
 20709 | D:14     | Gained mutation: Your large and strong wings let you fly
                  | indefinitely. [Gargoyle growth]
 20709 | D:14     | Reached XP level 14. HP: 88/88 MP: 9/30
 21317 | D:14     | Reached skill level 18 in Earth Magic
 21669 | D:15     | Entered Level 15 of the Dungeon
 22239 | D:15     | Found a staircase to the Depths.
 22737 | D:15     | Noticed Roxanne
 23361 | D:15     | Killed Roxanne
 23502 | D:15     | Identified the Catalogue of Proximity
 23886 | Lair:1   | Entered Level 1 of the Lair of Beasts
 23909 | D:11     | Offered knowledge of Spellforged Servitor by Vehumet.
 24401 | Lair:1   | Found a sacrificial altar of Ru.
 25513 | Lair:2   | Found a frozen archway.
 28395 | Lair:4   | Found a staircase to the Shoals.
 28609 | Lair:4   | Reached XP level 15. HP: 96/96 MP: 6/32
 29104 | Lair:4   | Got a crude silver amulet
 29110 | Lair:4   | Identified the amulet of Lubocuq {Acrobat rN+} (You found
                  | it on level 4 of the Lair of Beasts)
 29218 | Lair:4   | Found a hole to the Spider Nest.
 29587 | Lair:4   | Noticed Rupert
 29594 | Lair:4   | Killed Rupert
 30461 | Lair:5   | Found a runed door.
 30461 | Lair:5   | Found a viscous altar of Jiyva.
 30470 | Lair:5   | Found a staircase to the Slime Pits.
 30806 | Lair:5   | Reached skill level 15 in Spellcasting
 31700 | Lair:6   | Entered Level 6 of the Lair of Beasts
 31704 | Lair:6   | Offered knowledge of Conjure Ball Lightning by Vehumet.
 33159 | Lair:6   | Found a large runed door.
 33159 | Lair:6   | Found a large runed door.
 33165 | Lair:6   | Offered knowledge of Freezing Cloud by Vehumet.
 33936 | Lair:6   | Identified a scroll of acquirement
 33937 | Lair:6   | Found the +6 Majin-Bo {vamp, Archmagi MP+6 Int+6}
 34979 | Orc:1    | Entered Level 1 of the Orcish Mines
 35352 | Orc:1    | Noticed Maurice
 35358 | Orc:1    | Killed Maurice
 35656 | Orc:2    | Entered Level 2 of the Orcish Mines
 36274 | Orc:2    | Found a staircase to the Elven Halls.
 36375 | Orc:2    | Found a gateway to a bazaar.
 36458 | Bazaar   | Entered a bazaar
 36467 | Bazaar   | Found Getosain's Weapon Emporium.
 36472 | Bazaar   | Found Sumiar's Antique Weapon Shoppe.
 36479 | Bazaar   | Found Fytug's Magic Scroll Shoppe.
 36490 | Bazaar   | Found Gattis's Magic Scroll Emporium.
 36507 | Bazaar   | Bought a scroll of teleportation for 27 gold pieces
 36507 | Bazaar   | Bought a scroll of blinking for 67 gold pieces
 36507 | Bazaar   | Bought a scroll of identify for 18 gold pieces
 36507 | Bazaar   | Bought a scroll of identify for 18 gold pieces
 36519 | Bazaar   | Bought a scroll of teleportation for 51 gold pieces
 36815 | Orc:2    | Found a roughly hewn altar of Beogh.
 36929 | Orc:2    | Noticed an orc warlord
 36939 | Orc:2    | Killed an orc warlord
 36942 | Orc:2    | Reached XP level 16. HP: 37/101 MP: 1/36
 38257 | Orc:2    | Offered knowledge of Bolt of Fire by Vehumet.
 39199 | Orc:2    | Found Agebrolu's Antique Armour Shoppe.
 39200 | Orc:2    | Found Nobyel's Antique Weapon Shoppe.
 39201 | Orc:2    | Found Cudov's General Store.
 39201 | Orc:2    | Found Usheump's Book Emporium.
 39216 | Orc:2    | Bought a jewelled ring mail for 216 gold pieces
 39216 | Orc:2    | Identified the cursed +1 ring mail of Limited Liability
                  | {Dex+4 Stlth+} (You bought it in a shop on level 2 of the
                  | Orcish Mines)
 39229 | Orc:2    | Bought an encrusted hand axe for 288 gold pieces
 39229 | Orc:2    | Bought an ebony falchion for 288 gold pieces
 39233 | Orc:2    | Identified the cursed +1 falchion of the Tundras {venom,
                  | rN++} (You bought it in a shop on level 2 of the Orcish
                  | Mines)
 39234 | Orc:2    | Identified the +3 hand axe of Dishonesty {freeze, Dex+6}
                  | (You bought it in a shop on level 2 of the Orcish Mines)
 39554 | Shoals:1 | Entered Level 1 of the Shoals
 40069 | Shoals:1 | Found Qupoak's Weapon Shop.
 41299 | Shoals:2 | Noticed Louise
 41322 | Shoals:1 | Killed Louise
 46670 | Shoals:3 | Reached ****** piety under Vehumet
 47829 | Shoals:3 | Reached skill level 19 in Earth Magic
 48092 | Shoals:3 | Offered knowledge of Poison Arrow by Vehumet.
 49006 | Shoals:4 | Entered Level 4 of the Shoals
 49192 | Shoals:4 | Reached XP level 17. HP: 92/106 MP: 39/39
 50092 | Shoals:4 | Reached skill level 20 in Earth Magic
 50379 | Shoals:4 | Found Litas's Weapon Emporium.
 51544 | Shoals:4 | Got a barnacled rune of Zot
 51924 | Shoals:4 | Reached skill level 21 in Earth Magic
 52209 | Shoals:4 | Noticed a kraken
 52386 | Shoals:4 | Killed a kraken
 52767 | Shoals:4 | Learned a level 9 spell: Shatter
 52771 | Shoals:4 | Upgraded the game from 0.23-a0-445-g768d57b80b to
                  | 0.23-a0-446-g036aa52d93
 52878 | Spider:1 | Entered Level 1 of the Spider Nest
 53720 | Spider:1 | Noticed Nikola
 53731 | Spider:1 | Killed Nikola
 54208 | Spider:1 | Noticed Jorgrun
 54453 | Spider:1 | Offered knowledge of Bolt of Cold by Vehumet.
 54454 | Spider:1 | Killed Jorgrun
 54712 | Spider:1 | Reached skill level 22 in Earth Magic
 55582 | Spider:2 | Reached XP level 18. HP: 70/112 MP: 36/40
 56502 | Spider:2 | Noticed Arachne
 56514 | Spider:2 | Killed Arachne
 57681 | Spider:3 | Reached skill level 23 in Earth Magic
 58855 | Spider:3 | Offered knowledge of Lehudib's Crystal Spear by Vehumet.
 58855 | Spider:3 | Offered knowledge of Fire Storm by Vehumet.
 58855 | Spider:3 | Offered knowledge of Ignition by Vehumet.
 59964 | Spider:4 | Entered Level 4 of the Spider Nest
 62245 | Spider:4 | Reached skill level 24 in Earth Magic
 65958 | Spider:4 | Got a gossamer rune of Zot
 66545 | Elf:1    | Entered Level 1 of the Elven Halls
 66991 | Elf:1    | Reached XP level 19. HP: 109/116 MP: 41/41
 67902 | Elf:1    | Reached skill level 25 in Earth Magic
 69699 | Elf:2    | Found a runed door.
 69712 | Elf:2    | Found a runed door.
 71649 | Elf:3    | Entered Level 3 of the Elven Halls
 71850 | Elf:3    | Reached XP level 20. HP: 15/122 MP: 43/43
 71850 | Elf:3    | HP: 6/122 [the Majin-Bo (9)]
 71850 | Elf:3    | Shot with an arrow by a deep elf master archer

Vault maps used:
D:1:      grunt_arrival_crossed_arrows, due_unseen_surprise
D:2:      lemuel_doored_altar, chequers_ecumenical_altar_island, uniq_natasha
D:3:      minmay_skewed_foursquare, first_ration, mrwooster_statue_mirror
D:4:      minmay_temple_entry_crystal_x, serial_shops, nicolae_shop_statue_plus
D:5:      okawaru_gym_becter
D:6:      gammafunk_temple_overflow_statue, brannock_xom_greatest_gift,
          uniq_edmund
D:7:      kennysheep_little_box, lemuel_coloured_pillars_altar, serial_shops,
          shop
D:8:      serial_shops, shop, uniq_harold
D:9:      minitemple, david_orc_4
D:10:     basic_altar, hangedman_fish_farm
D:11:     lair_entry_dummy, ploomutoo_gammafunk_ghost_potion_laboratory,
          enter_bailey_6, uniq_urug, uniq_nergalle, uniq_josephine
D:12:     special_room
D:13:     grunt_vaults_entry_fortified, uniq_azrael, uniq_snorg
D:14:     hangedman_abyss_or_decor_stagger, nemelex_xobeh_ov_fountains_minmay
D:15:     hangedman_depths_entry_civil_slaughter, chequers_jeans,
          grunt_ministairs_9, lemuel_freeze_loot_1, uniq_roxanne
Temple:   dshaligram_water_room_temple
Lair:1:   lemuel_oklob_altar, wad_woods_river_01, grunt_megastairs_2,
          infiniplex_staircase_pool
Lair:2:   portal_ice_cave_entry_pillars_2
Lair:3:   beast_lair_carwin_large_3, nicolae_volcano_entry_lava_flow
Lair:4:   minmay_shoals_entry_beasts, spider_nest_entry_a, minivault_11,
          uniq_rupert
Lair:5:   slime_altar_2
Lair:6:   cheibrodos_lair_end_hotspot, grunt_forest_large_clearing_hut
Shoals:1: serial_shops, nicolae_shop_window_shopping
Shoals:2: uniq_louise
Shoals:4: shoals_end_hangedman, serial_shops, nicolae_shop_stone
Spider:1: uniq_nikola, uniq_jorgrun
Spider:2: nicolae_spider_circle_web, uniq_arachne
Spider:3: spider_trap, hive_lemuel
Spider:4: grunt_spider_rune_circles
Orc:1:    nicolae_orc_flooded_monolith, nicolae_orc_pool_cavern, uniq_maurice
Orc:2:    st_orc_congregation, basic_altar, serial_shops, statue_bzr
Elf:1:    minivault_28, minmay_fountain_box
Elf:3:    elf_hall, ebering_ghost_reflecting_pool,
          roderic_lattice_octagonal_star
Bazaar:   bazaar_kb_twisted_cavern

Skill      XL: |  1  2  3  4  5  6  7  8  9 10 11 12 13 14 15 16 17 18 19 |
---------------+----------------------------------------------------------+-----
Earth Magic    | 4 5 6 7 9 10 13 14 15 17 18 19 22 24 25 | 25.6
Fighting       | 4 6 9 10 12 | 12.0
Spellcasting   | 5 8 11 12 13 16 18 19 | 19.5
Armour         | 4 8 |  8.0
Shields        | 4 |  4.0
Dodging        | |  1.5
Stealth        | |  2.1
Transmutations | |  0.7

Action                   |  1- 3 |  4- 6 |  7- 9 | 10-12 | 13-15 | 16-18 | 19-21 || total
-------------------------+-------+-------+-------+-------+-------+-------+-------++-------
Melee: Unarmed           |    23 |       |       |       |       |       |       ||    23
       Dagger            |   116 |   158 |       |       |       |       |       ||   274
       War axe           |       |    39 |   203 |   291 |   266 |       |       ||   799
       Broad axe         |       |       |       |       |   154 |       |       ||   154
       Quarterstaff      |       |       |       |       |    10 |    89 |     7 ||   106
 Cast: Sandblast         |    14 |    48 |    68 |   149 |   154 |   231 |    50 ||   714
       Lee's Rapid Decon |       |       |     2 |    90 |   167 |   338 |    53 ||   650
       Petrify           |       |       |       |    12 |    44 |    32 |     2 ||    90
       Stone Arrow       |       |       |       |       |   355 |   499 |    53 ||   907
       Iron Shot         |       |       |       |       |     4 |     5 |       ||     9
       Shatter           |       |       |       |       |       |    10 |     9 ||    19
 Abil: Fly               |       |       |       |       |     1 |       |       ||     1
  Use: Scroll            |     3 |       |     5 |     9 |    20 |    22 |     2 ||    61
       Potion            |       |       |     2 |       |     2 |    28 |     1 ||    33
 Stab: Sleeping          |     1 |     5 |     8 |     1 |     2 |       |       ||    17
  Eat: Chunk             |     3 |    10 |     8 |    21 |    39 |    29 |    11 ||   121
       Ration            |       |     1 |     2 |     6 |    15 |    20 |     2 ||    46
Armor: Robe              |    46 |    89 |   134 |   285 |    88 |       |       ||   642
       Acid dragon scale |       |       |       |       |   467 |   788 |    53 ||  1308
       Ring mail         |       |       |       |       |       |    28 |       ||    28
Dodge: Dodged            |    78 |   154 |   195 |   281 |   591 |   591 |    42 ||  1932
Block: Buckler           |       |       |    19 |    69 |   194 |       |       ||   282

Table legend:
 A = Non-vault XP
 B = Vault XP
 C = Vault XP percentage of total XP
 D = Non-vault monster count
 E = Vault monster count
 F = Vault count percentage of total count
                 A         B        C        D         E       F
            +---------+---------+-------+---------+---------+-------
      Total |  239196 |  165083 |  40.8 |     841 |     329 |  28.1
            +---------+---------+-------+---------+---------+-------
        D:1 |      44 |       0 |   0.0 |      21 |       0 |   0.0
        D:2 |      85 |      35 |  29.2 |      19 |       1 |   5.0
        D:3 |     106 |      26 |  19.7 |      20 |       7 |  25.9
        D:4 |     232 |       0 |   0.0 |      15 |       0 |   0.0
        D:5 |     481 |       0 |   0.0 |      12 |       0 |   0.0
        D:6 |     618 |     157 |  20.3 |      17 |       1 |   5.6
        D:7 |     765 |       0 |   0.0 |      15 |       0 |   0.0
        D:8 |    1120 |     970 |  46.4 |      23 |       1 |   4.2
        D:9 |    3170 |     724 |  18.6 |      36 |      15 |  29.4
       D:10 |    5095 |     342 |   6.3 |      31 |       2 |   6.1
       D:11 |    6180 |    3829 |  38.3 |      54 |       8 |  12.9
       D:12 |    6695 |     752 |  10.1 |      32 |      20 |  38.5
       D:13 |    4913 |   10758 |  68.6 |      21 |      16 |  43.2
       D:14 |    9789 |       0 |   0.0 |      28 |       0 |   0.0
       D:15 |    4007 |    6966 |  63.5 |      11 |       9 |  45.0
     Lair:1 |    2771 |    2380 |  46.2 |      12 |       6 |  33.3
     Lair:2 |    5600 |       0 |   0.0 |      25 |       0 |   0.0
     Lair:3 |    3075 |    1749 |  36.3 |       8 |      11 |  57.9
     Lair:4 |   13329 |    4591 |  25.6 |      35 |       6 |  14.6
     Lair:5 |    6504 |       0 |   0.0 |      26 |       0 |   0.0
     Lair:6 |    7671 |    9517 |  55.4 |      26 |      29 |  52.7
   Shoals:1 |    7139 |    1677 |  19.0 |      14 |       1 |   6.7
   Shoals:2 |   15265 |       0 |   0.0 |      30 |       0 |   0.0
   Shoals:3 |   17295 |       0 |   0.0 |      35 |       0 |   0.0
   Shoals:4 |   16612 |   18819 |  53.1 |      31 |      29 |  48.3
   Spider:1 |   12186 |    7073 |  36.7 |      27 |       2 |   6.9
   Spider:2 |   17713 |    3410 |  16.1 |      45 |       1 |   2.2
   Spider:3 |   16970 |    1845 |   9.8 |      36 |       2 |   5.3
   Spider:4 |   15021 |   16960 |  53.0 |      44 |      33 |  42.9
      Orc:1 |    1300 |     472 |  26.6 |      12 |       1 |   7.7
      Orc:2 |    2131 |   11606 |  84.5 |      28 |      67 |  70.5
      Elf:1 |   20852 |    4644 |  18.2 |      30 |      11 |  26.8
      Elf:2 |   11445 |   23896 |  67.6 |      17 |      28 |  62.2
      Elf:3 |    3017 |   31885 |  91.4 |       5 |      22 |  81.5
            +---------+---------+-------+---------+---------+-------
